 Dungeon Crawl Stone Soup version 0.24.0-13-gcf9b3192b9 (webtiles) character file.

Game seed: 4000654314163177937, levelgen mode: deterministic

2646 Monsterracer the Cleaver (level 9, 0/81 HPs)
             Began as a Deep Dwarf Fighter on Nov 8, 2019.
             Was a Follower of Makhleb.
             Slain by a two-headed ogre
             ... wielding a +0 giant club
              (20 damage)
             ... on level 8 of the Dungeon.
             The game lasted 00:03:55 (4200 turns).

Monsterracer the Cleaver (Deep Dwarf Fighter)       Turns: 4200, Time: 00:03:56

Health: 0/81       AC: 12    Str: 23      XL:     9   Next: 35%
Magic:  5/5        EV:  4    Int:  9      God:    Makhleb [*.....]
Gold:   136        SH: 17    Dex:  9 (12) Spells: 8/8 levels left

rFire    + . .     SeeInvis .   a - +1 war axe
rCold    . . .     Gourm    .   n - +1 large shield
rNeg     . . .     Faith    .   k - +0 chain mail
rPois    .         Spirit   .   f - +1 helmet
rElec    .         Reflect  .   (no cloak)
rCorr    +         Harm     .   (no gloves)
MR       +....                  (no boots)
Stlth    ..........             (no amulet)
HPRegen  0.00/turn              F - ring of protection from fire
MPRegen  0.09/turn              o - ring of resist corrosion

@: non-regenerating
A: damage resistance, heal wounds, sense surroundings 2, no regeneration
a: Heal Wounds, Renounce Religion


You were on level 8 of the Dungeon.
You worshipped Makhleb.
Makhleb was aware of your devotion.
You were hungry.

You visited 2 branches of the dungeon, and saw 9 of its levels.
You also visited: Sewer.

You collected 395 gold pieces.
You spent 259 gold pieces at shops.

Inventory:

Hand Weapons
 a - a +1 war axe (weapon)
 b - a +0 flail of protection
   (You took it off a crimson imp on level 5 of the Dungeon)
Armour
 f - a +1 helmet (worn)
   (You found it on level 6 of the Dungeon)
 k - a +0 chain mail (worn)
   (You found it on level 4 of the Dungeon)
 n - a +1 large shield (worn)
   (You found it on level 1 of the Dungeon)
Jewellery
 o - a ring of resist corrosion (right hand)
   (You found it on level 5 of the Dungeon)
 F - a ring of protection from fire (left hand)
   (You found it on level 1 of the Dungeon)
Wands
 w - a wand of digging (5)
   (You found it on level 7 of the Dungeon)
Scrolls
 p - a scroll of enchant weapon
 r - a scroll of remove curse
 t - 8 scrolls of teleportation {!r}
 v - a scroll of fear {!r}
 X - a scroll of blinking
Potions
 d - 4 potions of heal wounds
 e - 3 potions of curing
 g - 2 potions of mutation {!q}
 h - a potion of haste
 i - a potion of degeneration
 j - 6 potions of might
 m - 2 potions of cancellation
 q - 5 potions of flight
 s - a potion of magic {unknown}
 u - a potion of lignification {unknown}
 x - a potion of invisibility {unknown}
Comestibles
 c - 23 rations


   Skills:
 + Level 5.5 Fighting
 * Level 8.8 Axes
 + Level 6.7 Armour
 + Level 6.7 Shields
 + Level 5.5 Invocations


You had 8 spell levels left.
You didn't know any spells.
Your spell library contained the following spells:

 Spells                   Type           Power        Failure   Level  Hunger
 Magic Dart               Conj           #...         100%        1    ##.....
 Blink                    Tloc           N/A          100%        2    ###....
 Call Imp                 Summ           #.......     100%        2    ###....
 Slow                     Hex            #.......     100%        2    ###....
 Conjure Flame            Conj/Fire      #.......     100%        3    ####...
 Mephitic Cloud           Conj/Pois/Air  #.......     100%        3    ####...


Dungeon Overview and Level Annotations

Branches:
Dungeon (8/15)             Temple (1/1) D:4           Sewer (visited)
   Lair: D:8-11

Altars:
Ashenzari
Cheibriados
Dithmenos
Elyvilon
Fedhas
Gozag
Hepliaklqana
Kikubaaqudgha
Makhleb
Nemelex Xobeh
Okawaru
Qazlal
Ru
Sif Muna
Trog
Uskayaw
Vehumet
Wu Jian
Xom
Yredelemnul
Zin
The Shining One

Shops:
D:7 ?


Innate Abilities, Weirdness & Mutations

You are resistant to damage.
You can heal yourself by infusing magical energy.
You passively map the area around you.
You do not regenerate.


Message History

You block the quasit's attack. The quasit claws you. x2
You feel clumsy.
The ice beast hits you but does no damage.
The orc priest calls down the wrath of Beogh upon you.
Beogh smites you!
The two-headed ogre hits you but does no damage.
The two-headed ogre hits you with a +0 dire flail.
The orc wizard casts a spell.
The orc wizard blinks!
You block the quasit's attack.
The quasit claws you but does no damage.
The quasit barely misses you. You block the ice beast's attack.
You miss the quasit.
The quasit is severely wounded.
You slash the two-headed ogre! You hit the ice beast but do no damage.
The two-headed ogre hits you with a +0 giant club!
* * * LOW HITPOINT WARNING * * *
The two-headed ogre hits you with a +0 dire flail.
* * * LOW HITPOINT WARNING * * *
You block the quasit's attack. x2
The quasit claws you but does no damage.
The ice beast hits you but does no damage.
You block the two-headed ogre's attack.
The two-headed ogre hits you but does no damage.
You are too injured to fight recklessly!
You are too injured to fight recklessly!
Your magical essence is drained by the effort!
You feel much better.
The quasit bites you but does no damage.
You block the quasit's attack.
The quasit claws you but does no damage.
The ice beast hits you but does no damage.
The quasit bites you but does no damage.
The quasit barely misses you. You block the quasit's attack.
You hit the two-headed ogre.
The two-headed ogre is moderately wounded.
You miss the quasit. You hit the ice beast.
You block the two-headed ogre's attack.
The two-headed ogre hits you with a +0 dire flail!
An orc comes into view. It is wielding a +0 flail.
The quasit bites you but does no damage.
You block the quasit's attack.
The quasit claws you but does no damage.
You block the ice beast's attack.
You slash the two-headed ogre!
The two-headed ogre is heavily wounded.
You hit the ice beast. You closely miss the quasit.
You block the quasit's attack. x2; The quasit barely misses you.
You block the two-headed ogre's attack.
The two-headed ogre hits you but does no damage.
An orc comes into view. It is wielding a +0 hand axe.
The ice beast hits you. The ice beast freezes you!
* * * LOW HITPOINT WARNING * * *
The quasit bites you but does no damage.
The quasit claws you.
You feel clumsy. You block the quasit's attack.
The orc moves out of view.
Your magical essence is drained by the effort!
You feel much better.
The two-headed ogre hits you but does no damage.
You block the two-headed ogre's attack.
The ice beast hits you but does no damage.
The quasit bites you but does no damage.
The quasit claws you but does no damage.
The quasit barely misses you.
The orc wizard casts a spell.
The orc wizard blinks!
You slash the two-headed ogre!
The two-headed ogre is severely wounded.
Your shield and chain mail prevent you from hitting the quasit.
You hit the ice beast. You block the quasit's attack. x2
The quasit claws you but does no damage.
The ice beast hits you. The ice beast freezes you!
You block the two-headed ogre's attack.
The two-headed ogre hits you with a +0 dire flail.
The quasit bites you but does no damage.
You block the quasit's attack. The quasit barely misses you.
You completely miss the two-headed ogre.
The two-headed ogre is severely wounded.
You closely miss the ice beast. You hit the quasit but do no damage.
You block the ice beast's attack. You block the quasit's attack.
The quasit claws you but does no damage. x2
An orc comes into view. It is wielding a +0 whip.
The two-headed ogre hits you with a +0 giant club!!
* * * LOW HITPOINT WARNING * * *
The two-headed ogre hits you but does no damage.
An orc comes into view. It is wielding a +0 falchion.
The ice beast hits you.
* * * LOW HITPOINT WARNING * * *
The ice beast freezes you!
* * * LOW HITPOINT WARNING * * *
The orc shouts!
You closely miss the two-headed ogre.
The two-headed ogre is severely wounded.
You hit the ice beast.
Your shield prevents you from hitting the quasit.
You hear a shout!
The quasit bites you but does no damage.
You block the quasit's attack. x2
The two-headed ogre hits you with a +0 giant club!!
You die...

*,#$ ,, ,, *
,* ,#.. , , ,
* #.. ,, * , *
..# , , , *
#.# , . * **
,* #.# ... **
#.###.###.....
#...†.OF......
*
#####@##......
, ,*
*#Y5F(..... *
,


oo........ , , ** oZ####.....* * , , , , ,oo#* *...., * ** oo., ,... * * ...< *
#, ,,, #..., ,, , ,, * You could see a two-headed ogre, an ice beast, 2
bullfrogs, an orc priest, a quasit, 6 orcs and a jackal zombie.

Vanquished Creatures
  A human (D:7)
  4 hogs (D:7)
  A sky beast (D:6)
  5 ogres (D:4 D:7 D:8)
  4 centaurs (D:4 D:5 D:6 D:7)
  A big kobold (Sewer)
  A wyvern zombie (D:6)
  3 bullfrogs (D:6 D:7)
  2 scorpions (D:4 D:7)
  A howler monkey (D:6)
  4 crimson imps (D:5 D:6 D:7)
  2 hounds (D:4 D:6)
  2 orc priests (D:6 D:7)
  2 iguanas (D:4 D:8)
  3 orc wizards (D:6 D:7)
  4 worker ants (D:3 D:7 D:8)
  A hound skeleton (D:7)
  A howler monkey zombie (D:7)
  A river rat (Sewer)
  4 adders (D:3 D:5 D:6)
  A shadow imp (D:7)
  An ooze (D:1)
  2 worms (D:2 D:6)
  A dart slug (D:3)
  4 leopard geckos (D:2 D:3 D:5)
  10 orcs (D:6 D:7)
  A ball python (D:2)
  10 bats (D:1 D:2 D:3)
  6 giant cockroaches (D:2 D:3 D:4 D:6)
  6 goblins (D:1 D:2)
  12 hobgoblins (D:1 D:2 D:3)
  6 jackals (D:3 D:4 Sewer)
  2 quokkas (D:2 D:4)
  4 frilled lizards (D:1 D:2)
  10 kobolds (D:1 D:2 D:3 Sewer)
  13 rats (D:1 D:2 D:3 D:6 Sewer)
136 creatures vanquished.

Notes
Turn   | Place    | Note
-------+----------+-------------------------------------------
     0 | D:1      | Monsterracer the Deep Dwarf Fighter began the quest for the
                  | Orb.
     0 | D:1      | Reached XP level 1. HP: 20/20 MP: 1/1
   155 | D:1      | Reached XP level 2. HP: 24/27 MP: 2/2
   771 | D:2      | Reached skill level 3 in Axes
   771 | D:2      | Reached XP level 3. HP: 21/33 MP: 3/3
  1029 | D:2      | Found a white marble altar of Elyvilon.
  1031 | D:2      | Found a shimmering altar of Xom.
  1396 | D:3      | Reached XP level 4. HP: 40/42 MP: 3/3
  1403 | D:2      | Found a snail-covered altar of Cheibriados.
  1403 | D:2      | Found a bloodstained altar of Trog.
  1766 | D:4      | Noticed a centaur
  1769 | D:4      | Reached skill level 4 in Axes
  1769 | D:4      | Reached XP level 5. HP: 44/49 MP: 4/4
  1776 | D:4      | Killed a centaur
  1877 | D:4      | Reached XP level 6. HP: 56/57 MP: 4/4
  1913 | D:4      | Reached skill level 5 in Axes
  1919 | D:4      | Found a staircase to the Ecumenical Temple.
  1964 | Temple   | Entered the Ecumenical Temple
  2273 | Temple   | Became a worshipper of Makhleb the Destroyer
  2355 | D:5      | Entered Level 5 of the Dungeon
  2493 | D:5      | Reached skill level 1 in Invocations
  2526 | D:5      | HP: 28/57 [crimson imp/+0 flail of protection (3)]
  2541 | D:5      | Reached XP level 7. HP: 64/64 MP: 4/4
  2815 | D:6      | Found an opulent altar of Gozag.
  2829 | D:6      | HP: 31/64 [wyvern zombie (3)]
  2836 | D:6      | Reached skill level 5 in Armour
  2836 | D:6      | Reached skill level 5 in Shields
  2843 | D:6      | Reached skill level 6 in Axes
  2852 | D:6      | HP: 32/64 [something/magic dart (1)]
  2878 | D:6      | HP: 31/64 [something (4)]
  2932 | D:6      | Reached XP level 8. HP: 66/73 MP: 6/6
  3011 | D:6      | Found a glowing drain.
  3030 | Sewer    | Entered a sewer
  3032 | Sewer    | Reached * piety under Makhleb
  3153 | Sewer    | Found a white marble altar of Elyvilon.
  3578 | D:7      | Reached skill level 7 in Axes
  3612 | D:7      | Found Woroucs's Magic Scroll Boutique.
  3636 | D:7      | Bought a scroll of teleportation for 39 gold pieces
  3636 | D:7      | Bought a scroll of fear for 45 gold pieces
  3636 | D:7      | Bought a scroll of blinking for 97 gold pieces
  3636 | D:7      | Bought a scroll of teleportation for 39 gold pieces
  3636 | D:7      | Bought a scroll of teleportation for 39 gold pieces
  3768 | D:7      | HP: 36/73 [ogre/cursed -1 giant spiked club (10)]
  3907 | D:7      | Reached skill level 5 in Fighting
  3908 | D:7      | HP: 37/74 [hog (5)]
  3914 | D:7      | HP: 17/74 [hog (8)]
  3915 | D:7      | Reached skill level 8 in Axes
  3919 | D:7      | Gained mutation: You passively map the area around you.
                  | [Deep Dwarf growth]
  3919 | D:7      | Reached XP level 9. HP: 50/81 MP: 7/7
  3920 | D:7      | Reached skill level 5 in Invocations
  4181 | D:8      | Noticed a two-headed ogre
  4193 | D:8      | HP: 33/81 [two-headed ogre/+0 giant club (13)]
  4199 | D:8      | HP: 32/81 [two-headed ogre/+0 giant club (23)]
  4200 | D:8      | Slain by a two-headed ogre

Levels and vault maps discovered:
D:1:      shiori_arrival_elements, layout_basic, minmay_hedge_maze,
          chequers_serial_rivers_micro_a, minmay_pentomino_v2
D:2:      layout_rooms, nicolae_overflow_hidden_temple, serial_glass,
          glass_columns_a, glass_columns_a
D:3:      layout_loops_ring, first_ration, minmay_stone_trees_medium,
          st_stairs_13
D:4:      layout_rooms, temple_statues
D:5:      layout_cave_pools
D:6:      layout_cave_pools, basic_altar, portal_sewer_entry_a
D:7:      layout_rooms, serial_shops, shop, grunt_livestock, grunt_tough_drop
D:8:      gammafunk_cloud_chamber, layout_rooms, erik_lair_dragon, minivault_22,
          fedhas_altar_4
Temple:   hc_temple_tempest_star

Skill      XL: |  1  2  3  4  5  6  7  8  9 |
---------------+----------------------------+-----
Axes           | 3 4 5 6 8 |  8.8
Fighting       | 3 4 5 |  5.5
Shields        | 4 5 6 |  6.7
Armour         | 4 5 6 |  6.7
Invocations    | 1 2 4 5 |  5.5

Action                   |  1- 3 |  4- 6 |  7- 9 || total
-------------------------+-------+-------+-------++-------
Melee: War axe           |   173 |   113 |   231 ||   517
 Abil: Heal Wounds       |     1 |     3 |    12 ||    16
  Use: Scroll            |       |    12 |     8 ||    20
  Eat: Chunk             |     2 |     2 |     4 ||     8
       Ration            |       |       |     1 ||     1
Armor: Scale mail        |    95 |    41 |       ||   136
       Chain mail        |       |    14 |   172 ||   186
Dodge: Dodged            |    38 |    24 |    43 ||   105
Block: Shield            |    29 |       |       ||    29
       Large shield      |   132 |   108 |   267 ||   507
